 Dungeon Crawl Stone Soup version 0.32-a0-913-g739538afd8 (webtiles) character file.

Game seed: 59395023768799559

82550 Monochrome the Marksspriggan (level 15, -5/82 HPs)
             Began as a Spriggan Hunter on Apr 9, 2024.
             Was the Champion of Dithmenos.
             Slain by a +4 long sword (23 damage)
             ... on level 13 of the Dungeon.
             The game lasted 01:14:16 (26301 turns).

Monochrome the Marksspriggan (Spriggan Hunter)     Turns: 26301, Time: 01:14:17

Health: -5/82      AC:  7    Str: 12    XL:     15   Next: 29%
Magic:  7/7        EV: 25    Int: 12    God:    Dithmenos [******]
Gold:   3346       SH:  5    Dex: 25    Spells: 1/14 levels left

rFire   . . .        G - +2 hand cannon (antimagic)
rCold   + . .        (no shield)
rNeg    . . .        J - +0 troll leather armour
rPois   .            (helmet currently unavailable)
rElec   .            w - melded +2 cloak
rCorr   .            (gloves unavailable)
SInv    +            (boots unavailable)
Will    ++...        Q - amulet of Tuxipn {Reflect Str+5 SH+5}
Stlth   ++++++++++   V - ring of protection from cold
HPRegen 1.13/turn    U - +4 ring of protection
MPRegen 0.10/turn

%: reflection
@: beast-form, wreathed by umbra, studying Stealth, very quick
A: beast (slay +4), very small, no large weapons, unfitting armour, see
invisible, speed 3
a: Begin Untransformation, Renounce Religion, Shadow Step, Shadow Form


You were on level 13 of the Dungeon.
You worshipped Dithmenos.
Dithmenos was exalted by your worship.
You were a hulking beast.
You visited 4 branches of the dungeon, and saw 21 of its levels.
You also visited: Bailey and Ice Cave.

You collected 3346 gold pieces.

Inventory:

Hand Weapons
 G - a +2 antimagic hand cannon (weapon)
 O - a +0 arbalest
 P - a +0 orcbow
Missiles
 t - 60 poisoned darts
 E - 3 throwing nets
 M - 4 curare-tipped darts
Armour
 w - a +2 cloak (melded)
 J - a +0 troll leather armour (worn)
Jewellery
 e - a +6 ring of strength
 r - an amulet of regeneration
 z - a ring of fire
 Q - the amulet of Tuxipn (around neck) {Reflect Str+5 SH+5}
   (You found it on level 11 of the Dungeon)

   [amulet of reflection]

   Reflect:   It reflects blocked missile attacks.
   Str+5:     It affects your strength (+5).
   SH+5:      It affects your SH (+5).
 U - a +4 ring of protection (right hand)
 V - a ring of protection from cold (left hand)
 X - a ring of poison resistance
Talismans
 i - a beast talisman (active)
Wands
 A - a wand of digging (2)
 C - a wand of flame (11)
 D - a wand of charming (25)
 I - a wand of warping (10)
 K - a wand of mindburst (10)
Scrolls
 c - 3 scrolls of enchant armour
 f - 3 scrolls of fog
 h - 2 scrolls of fear
 j - 8 scrolls of vulnerability
 l - 3 scrolls of blinking
 m - 10 scrolls of teleportation
 p - a scroll of immolation
 v - 3 scrolls of revelation
 x - 5 scrolls of enchant weapon
 y - a scroll of silence
 H - a scroll of poison
Potions
 a - 2 potions of ambrosia
 b - a potion of magic {unknown}
 d - 9 potions of curing
 k - 2 potions of brilliance
 o - 7 potions of haste
 s - 4 potions of enlightenment
 u - a potion of berserk rage
 B - a potion of cancellation
 F - a potion of mutation
 L - 6 potions of lignification
 N - 2 potions of invisibility
 T - a potion of might
 Z - a potion of resistance
Miscellaneous
 g - a lightning rod (4/4)
 R - a Gell's gravitambourine (2/2)


   Skills:
 - Level 11.0 Fighting
 - Level 18.0 Ranged Weapons
 - Level 5.2 Throwing
 - Level 4.0 Armour
 * Level 9.4 Dodging
 - Level 12.0 Stealth
 * Level 4.2 Hexes
 * Level 1.1 Alchemy
 * Level 8.1 Invocations
 - Level 8.0 Evocations
 - Level 7.0 Shapeshifting


You had one spell level left.
You knew the following spells:

 Your Spells              Type           Power      Damage    Failure   Level
a - Jinxbite              Hex            20%        N/A       11%         2
b - Mephitic Cloud        Conj/Alch/Air  0%         N/A       73%         3
c - Passwall              Erth           0%         N/A       77%         3
d - Yara's Violent Unrav  Hex/Alch       3%         3d4       98%         5

Your spell library contained the following spells:

 Spells                   Type           Power      Damage    Failure   Level
 Foxfire                  Conj/Fire      0%         2x1d4     38%         1
 Freeze                   Ice            0%         1d3       38%         1
 Ensorcelled Hibernation  Hex/Ice        10%        N/A       26%         2
 Dazzling Flash           Conj/Hex       10%        N/A       47%         3
 Inner Flame              Hex/Fire       5%         N/A       47%         3
 Scorch                   Fire           0%         2d5       54%         2
 Static Discharge         Conj/Air       0%         3-3/arc   54%         2
 Cause Fear               Hex            5%         N/A       58%         4
 Frozen Ramparts          Ice            0%         1d1       77%         3
 Hailstorm                Conj/Ice       0%         3d5       77%         3
 Maxwell's Portable Pile  Tloc           0%         2d(5-13)  77%         3
 Stone Arrow              Conj/Erth      0%         3d7       77%         3
 Swiftness                Air            0%         N/A       77%         3
 Volatile Blastmotes      Fire/Tloc      0%         2d10      77%         3
 Anguish                  Hex/Necr       2%         N/A       87%         4
 Airstrike                Air            0%         2d(0-16)  99%         4
 Animate Armour           Summ/Erth      0%         N/A       99%         4
 Flame Wave               Conj/Fire      0%         2d4       99%         4
 Summon Lightning Spire   Summ/Air       0%         N/A       99%         4
 Vhi's Electric Charge    Tloc/Air       0%         N/A       99%         4
 Silence                  Hex/Air        2%         N/A       99%         5
 Summon Mana Viper        Hex/Summ       5%         N/A       99%         5
 Arcjolt                  Conj/Air       0%         1d10      100%        5
 Curse of Agony           Necr           0%         N/A       100%        5
 Irradiate                Conj/Alch      0%         3d11      100%        5
 Summon Forest            Summ/Tloc      0%         N/A       100%        5
 Bombard                  Conj/Erth      0%         9d1       100%        6
 Plasma Beam              Fire/Air       0%         2x1d10    100%        6
 Starburst                Conj/Fire      0%         6d3       100%        6
 Summon Cactus Giant      Summ           0%         N/A       100%        6
 Enfeeble                 Hex            5%         N/A       100%        7
 Ignition                 Fire           0%         3d3       100%        8
 Lehudib's Crystal Spear  Conj/Erth      0%         10d2      100%        8
 Maxwell's Capacitive Co  Air            0%         ∞         100%        8


Dungeon Overview and Level Annotations

Branches:
Dungeon (13/15)            Temple (1/1) D:6            Lair (5/5) D:11
  Swamp (0/4) Lair:3       Spider (0/4) Lair:3        Slime (0/5) Lair:5
    Orc (2/2) D:12            Elf (0/3) Orc:2        Bailey (visited)
  IceCv (visited)
 Vaults: D:13-14

Altars:
Ashenzari
Cheibriados
Dithmenos
Elyvilon
Fedhas
Gozag
Hepliaklqana
Kikubaaqudgha
Makhleb
Nemelex Xobeh
Okawaru
Qazlal
Ru
Sif Muna
Trog
Uskayaw
Vehumet
Wu Jian
Xom
Yredelemnul
Zin
The Shining One
Beogh
Jiyva

Shops:
D:5 *   Orc:1 (   Orc:2 [!=!

Portals:
Trove: D:11 (give 5 scrolls of fog)

Annotations:
D:1 exclusion: downstairs, Natasha
D:7 exclusion: downstairs
D:8 exclusion: downstairs
D:13 Azrael
Lair:1 exclusion: 2 downstairs
Lair:2 exclusion: downstairs
Lair:4 exclusion: 2 downstairs


Innate Abilities, Weirdness & Mutations

You are a hulking beast.
Your limbs bulge with bestial killing power. (Slay +4)
You are very small and have problems with some larger weapons.
You are too small for most types of armour.
You have supernaturally acute eyesight. (SInv)
You cover ground extremely quickly. (Speed+++)


Message History

Dithmenos accepts your kill.
Your shadow shoots a slug.
The slug hits the +4 long sword!
The +4 long sword hits you!
You shoot a slug. The slug misses the +4 long sword.
The slug hits the large slime creature!
The large slime creature is lightly wounded.
Your shadow shoots a slug.
The slug hits the +4 long sword!
The +4 long sword hits you! The +4 long sword barely misses you.
You shoot a slug.
The slug closely misses the +4 long sword.
The slug hits the large slime creature!
The large slime creature is lightly wounded.
The +4 long sword hits you!
You emit a cloud of dark smoke.
The +4 long sword attacks as it pursues you!
The +4 long sword hits you!!
You are too injured to fight recklessly!
You are too injured to fight recklessly!
You are too injured to fight recklessly!
Unknown command.
You are too injured to fight recklessly!
You are too injured to fight recklessly!
Unknown command.
Fire: G) +2 hand cannon (antimagic)
Press: ? - help, Shift-Dir - straight line, f/p - +4 long sword
Aim: a +4 long sword (black smoke, severely damaged, umbra, 63% to hit)
You shoot a slug. The slug misses the +4 long sword.
The slug hits the large slime creature.
The large slime creature is moderately wounded.
Your shadow shoots a slug.
The slug hits the +4 long sword but does no damage.
The +4 long sword hits you! x2
* * * LOW HITPOINT WARNING * * *
You emit a cloud of dark smoke.
Fire: G) +2 hand cannon (antimagic)
Press: ? - help, Shift-Dir - straight line, f/p - +4 long sword
Aim: a +4 long sword (black smoke, severely damaged, umbra, 63% to hit)
You shoot a slug.
The slug barely misses the +4 long sword.
The +4 long sword hits you!!
You die...

.....#####.#..#........##.#
.....#####.#.<...)#######.#
#............####.# #.#
##########.### #.# #.# #.#
##.# #.# #.#####..## #.#
#......§§.# #.# #######§#.#
#.#### #h#.# #....# #(#§#
####.#### #§J§# #.#...
#§§## #.#... #§§# #.....
#..# ###... ### #z.# #...
..# #R.# ###. #.# #☼.# #.


You could see a large slime creature and a +4 long sword.

Vanquished Creatures
  Nessos (Orc:2)
  The ghost of Mgcat the Severer, a journeyman CoBe of Trog (Lair:4)
  Erolcha (Orc:2)
  3 ogre magi (Orc:2)
  An ice dragon (Lair:5)
  3 hydras
  Erica (Lair:2)
  A catoblepas (Lair:2)
  A centaur warrior (D:9)
  2 boulder beetles (D:12)
  A two-headed ogre (D:9)
  Sonja (D:11)
  4 skeletal warriors (D:13)
  2 lindwurms (Lair:5)
  An orc knight (Orc:2)
  9 orc sorcerers
  An obsidian bat (Orc:2)
  An oklob plant (Lair:1)
  A manticore (D:12)
  A wolf spider (Lair:5)
  3 cyclopes (D:12)
  5 ugly things
  2 kobold blastminers (Orc:1)
  4 meliai
  Maurice (D:8)
  9 elephants
  A guardian serpent (Lair:5)
  7 black mambas
  3 ice statues (IceCv)
  5 torpor snails (Lair:5)
  A gargoyle (D:11)
  27 cane toads
  Maggie (D:10)
  A kobold demonologist (D:12)
  An unseen horror (D:12)
  2 rime drakes (Lair:1)
  An efreet (D:13)
  14 komodo dragons
  4 trolls
  Grinder (D:4)
  4 polar bears
  10 hornets (Lair:5)
  3 tyrant leeches (Lair:5)
  30 blink frogs
  A slime creature (D:13)
  2 shadows
  4 wraiths
  A dire elephant simulacrum (IceCv)
  Sigmund (D:6)
  A yak (shapeshifter) (D:9)
  A vampire (D:12)
  12 wyverns
  7 basilisks
  60 yaks
  A fire elemental (D:13)
  2 vampire mosquitoes (D:13)
  A steam dragon (D:9)
  2 redbacks (Lair:5)
  4 wargs
  2 death yak simulacra (IceCv)
  Grum (D:8)
  2 swamp worms (Lair:3)
  An acid dragon (D:11)
  A hydra simulacrum (IceCv)
  27 water moccasins
  24 orc warriors
  A hell hound (D:13)
  An ice beast (D:6)
  3 black bears
  2 laughing skulls (D:13)
  14 ogres
  9 wolves
  2 centaurs (D:10)
  A phantom (D:5)
  8 kobold brigands
  12 bullfrogs
  3 scorpions
  4 gnoll sergeants
  A cane toad simulacrum (IceCv)
  15 killer bees
  2 elephant simulacra (IceCv)
  2 howler monkeys
  4 bombardier beetles
  3 hounds
  4 jellies
  5 orc priests
  A gnoll bouda (D:4)
  Crazy Yiuf (D:7)
  An iguana (D:6)
  29 orc wizards
  A wolf simulacrum (IceCv)
  21 gnolls
  6 adders
  15 white imps
  8 ufetubi
  2 ribbon worms (D:2)
  82 orcs
  7 bats
  6 endoplasms
  A giant cockroach (D:3)
  11 goblins
  5 hobgoblins
  4 jackals (D:3)
  21 kobolds
  A quokka (D:1)
  4 ball pythons
  3 frilled lizards
  4 rats
665 creatures vanquished.

Vanquished Creatures (collateral kills)
  A wyvern (Lair:4)
  An orc wizard (Orc:2)
  An orc (Orc:2)
3 creatures vanquished.

Vanquished Creatures (others)
  A vault guard (D:13)
  An orc priest (D:8)
2 creatures vanquished.

Grand Total: 670 creatures vanquished

Notes
Turn   | Place    | Note
-------+----------+-------------------------------------------
     0 | D:1      | Monochrome the Spriggan Hunter began the quest for the Orb.
     0 | D:1      | Reached XP level 1. HP: 10/10 MP: 2/2
   117 | D:1      | Found a faded altar of an unknown god.
   165 | D:1      | Reached XP level 2. HP: 14/14 MP: 3/3
   579 | D:2      | Noticed Natasha
  1129 | D:2      | Reached XP level 3. HP: 18/18 MP: 4/4
  1361 | D:2      | Reached skill level 5 in Ranged Weapons
  2266 | D:3      | Reached XP level 4. HP: 23/23 MP: 5/5
  2897 | D:4      | Reached skill level 6 in Ranged Weapons
  2962 | D:4      | Found a hazy altar of Hepliaklqana.
  3573 | D:4      | Reached XP level 5. HP: 17/26 MP: 6/6
  4067 | D:4      | Found a hazy altar of Hepliaklqana.
  4364 | D:5      | Entered Level 5 of the Dungeon
  4436 | D:5      | Reached skill level 1 in Throwing
  4457 | D:5      | Noticed a phantom
  4469 | D:5      | Killed a phantom
  4470 | D:5      | Reached XP level 6. HP: 32/32 MP: 7/7
  4478 | D:5      | Noticed Grinder
  4533 | D:4      | Paralysed by Grinder for 3 turns
  4602 | D:4      | Paralysed by Grinder for 4 turns
  4660 | D:4      | Killed Grinder
  4661 | D:4      | Reached skill level 7 in Ranged Weapons
  4661 | D:4      | Reached XP level 7. HP: 32/35 MP: 8/8
  4730 | D:5      | Found Ea-nāṣir's Fine Metal Goods.
  5182 | D:5      | Reached skill level 8 in Ranged Weapons
  6097 | D:5      | Reached XP level 8. HP: 20/40 MP: 9/9
  6189 | D:6      | Found a staircase to the Ecumenical Temple.
  6202 | Temple   | Entered the Ecumenical Temple
  6216 | Temple   | Became a worshipper of Dithmenos the Shadowed
  6271 | D:6      | Reached skill level 9 in Ranged Weapons
  6608 | D:6      | Noticed Sigmund
  6613 | D:6      | Killed Sigmund
  6678 | D:6      | Reached skill level 10 in Ranged Weapons
  6738 | D:6      | Reached XP level 9. HP: 45/45 MP: 10/10
  6880 | D:6      | Found a runed translucent door.
  7100 | D:6      | Reached * piety under Dithmenos
  7301 | D:6      | Reached skill level 5 in Throwing
  7364 | D:6      | Found a roughly hewn altar of Beogh.
  7632 | D:7      | Reached skill level 11 in Ranged Weapons
  7833 | D:7      | Reached skill level 1 in Shapeshifting
  7860 | D:7      | Found Seev's Distillery.
  8110 | D:7      | Reached ** piety under Dithmenos
  8273 | D:7      | Found a runed translucent door.
  8274 | D:7      | Noticed Crazy Yiuf
  8293 | D:7      | Killed Crazy Yiuf
  8605 | D:8      | Noticed Maurice
  8897 | D:8      | Reached skill level 1 in Evocations
  9237 | D:8      | Noticed Grum
  9298 | D:7      | Reached skill level 5 in Fighting
  9543 | D:8      | Reached XP level 10. HP: 38/51 MP: 11/11
  9739 | D:8      | Killed Maurice
  9870 | D:8      | Reached *** piety under Dithmenos
 10067 | D:8      | Reached skill level 12 in Ranged Weapons
 10118 | D:8      | Reached skill level 5 in Stealth
 10315 | D:8      | Reached skill level 5 in Dodging
 10457 | D:8      | Killed Grum
 10753 | D:9      | Noticed a centaur warrior
 10923 | D:9      | Noticed a meliai
 10927 | D:9      | a meliai changed into a yak
 11010 | D:9      | Noticed a two-headed ogre
 11019 | D:9      | Noticed a two-headed ogre
 11304 | D:9      | Killed a two-headed ogre
 11305 | D:9      | Reached skill level 1 in Armour
 11345 | D:9      | Killed a centaur warrior
 11356 | D:9      | Reached XP level 11. HP: 53/56 MP: 12/12
 11435 | D:9      | Found a white marble altar of Elyvilon.
 11438 | D:9      | Found a hide-covered altar of Uskayaw.
 11493 | D:10     | Entered Level 10 of the Dungeon
 11497 | D:10     | Learned a level 2 spell: Jinxbite
 11652 | D:10     | Found a flagged portal.
 11719 | Bailey   | Entered a bailey
 11774 | Bailey   | Reached **** piety under Dithmenos
 11931 | Bailey   | Reached skill level 5 in Shapeshifting
 11962 | Bailey   | Found a burning altar of Makhleb.
 12000 | D:10     | Noticed Maggie
 12033 | D:10     | Identified the +1 leather armour "Neal" {Fly rC++ Int+3}
 12100 | D:10     | Identified the maw talisman "Oguiklepuo" {rN++ Will- Int+3}
 12261 | D:10     | Noticed a purple ugly thing
 12269 | D:10     | Killed a purple ugly thing
 12270 | D:10     | Reached skill level 13 in Ranged Weapons
 12765 | D:10     | Killed Maggie
 13019 | D:11     | Noticed a red ugly thing
 13053 | D:11     | Killed a red ugly thing
 13095 | D:11     | Noticed a green ugly thing
 13123 | D:11     | Killed a green ugly thing
 13157 | D:11     | Found a portal to a secret trove of treasure.
 13281 | D:11     | Identified the amulet of Tuxipn {Reflect Str+5 SH+5}
 13316 | D:11     | Noticed Sonja
 13319 | D:11     | Killed Sonja
 13320 | D:11     | Reached skill level 5 in Evocations
 13624 | D:11     | Reached ***** piety under Dithmenos
 13655 | D:11     | Found a staircase to the Lair.
 13871 | D:12     | Noticed a boulder beetle
 13878 | D:12     | Killed a boulder beetle
 13879 | D:12     | Reached skill level 14 in Ranged Weapons
 13892 | D:12     | Reached XP level 12. HP: 62/62 MP: 13/13
 14024 | D:12     | Noticed a boulder beetle
 14036 | D:12     | Killed a boulder beetle
 14402 | D:12     | Found a staircase to the Orcish Mines.
 14595 | D:13     | Learned a level 3 spell: Mephitic Cloud
 14599 | D:13     | Learned a level 3 spell: Passwall
 14711 | D:13     | Noticed a six-headed hydra
 14744 | D:13     | Killed a six-headed hydra
 14745 | D:13     | Reached skill level 15 in Ranged Weapons
 14745 | D:13     | Reached skill level 1 in Hexes
 14910 | D:13     | Reached skill level 1 in Invocations
 14963 | D:13     | Noticed Azrael
 14987 | D:13     | Noticed a vault guard
 15317 | D:13     | Killed a vault guard
 15413 | Lair:1   | Entered Level 1 of the Lair of Beasts
 16268 | Lair:1   | Reached XP level 13. HP: 68/68 MP: 16/16
 17033 | Lair:1   | Reached skill level 16 in Ranged Weapons
 17426 | Lair:2   | Noticed Erica
 17432 | Lair:2   | Killed Erica
 17622 | Lair:2   | Identified a scroll of acquirement
 17625 | Lair:2   | Acquired 544 gold pieces
 17914 | Lair:2   | Reached ****** piety under Dithmenos
 18663 | Lair:3   | Found a hole to the Spider Nest.
 18704 | Lair:3   | Reached skill level 5 in Invocations
 19503 | Lair:3   | Reached skill level 17 in Ranged Weapons
 19524 | Lair:3   | Found a staircase to the Swamp.
 19645 | Lair:4   | Found a runed translucent door.
 19645 | Lair:4   | Noticed Mgcat's ghost (journeyman CoBe)
 19818 | Lair:4   | Reached XP level 14. HP: 75/75 MP: 19/19
 20466 | Lair:4   | Killed Mgcat's ghost
 20510 | Lair:5   | Entered Level 5 of the Lair of Beasts
 21477 | Lair:5   | Reached skill level 10 in Fighting
 21906 | Lair:5   | Found a staircase to the Slime Pits.
 21920 | Lair:5   | Found a viscous altar of Jiyva.
 23889 | Orc:1    | Entered Level 1 of the Orcish Mines
 24060 | Orc:1    | Found a frozen archway.
 24082 | IceCv    | Entered an ice cave
 24215 | IceCv    | Identified the +1 helmet of Qigaongi {^Contam rPois rC++
                  | SInv}
 24649 | Orc:1    | Found Yple's Weapon Emporium.
 25006 | Orc:2    | Entered Level 2 of the Orcish Mines
 25006 | Orc:2    | Noticed Nessos
 25045 | Orc:2    | Killed Nessos
 25046 | Orc:2    | Reached XP level 15. HP: 81/81 MP: 7/21
 25150 | Orc:2    | Found a roughly hewn altar of Beogh.
 25194 | Orc:2    | Noticed Erolcha
 25209 | Orc:2    | Reached skill level 18 in Ranged Weapons
 25233 | Orc:2    | Reached skill level 10 in Stealth
 25235 | Orc:2    | Killed Erolcha
 25439 | Orc:2    | Found a staircase to the Elven Halls.
 25664 | Orc:2    | Found an ancient bone altar of Kikubaaqudgha.
 25708 | Orc:2    | Found Lossejy's Distillery.
 25744 | Orc:2    | Found a radiant altar of Vehumet.
 25773 | Orc:2    | Found Caffyat's Jewellery Emporium.
 25830 | Orc:2    | Found a roughly hewn altar of Beogh.
 25830 | Orc:2    | Found Hoitovog's Antique Armour Shoppe.
 25850 | Orc:2    | Learned a level 5 spell: Yara's Violent Unravelling
 25855 | Orc:2    | Found Won Dica's Distillery.
 26252 | D:13     | Reached skill level 1 in Alchemy
 26301 | D:13     | Slain by a +4 long sword

Illustrated notes

Levels and vault maps discovered:
D:1:      erik_arrival_blinker_ship, layout_loops_cross,
          chequers_ecumenical_altar_island, chequers_serial_rivers_marsh
D:2:      layout_loops_corners, uniq_natasha
D:3:      minmay_octagon_keep, layout_loops_ring
D:4:      layout_basic, mainiacjoe_overflow_brackets, chequers_mini_garden
D:5:      layout_loops_ring, nicolae_ea-nasir_strikes_again,
          roderic_serpentine_path, uniq_grinder
D:6:      layout_loops_cross, minmay_temple_entry_glassed_door,
          hangedman_abyss_or_decor_stabs, lightli_church_of_beogh, uniq_sigmund
D:7:      layout_loops_ring, serial_shops, shop_statue, minivault_10,
          uniq_crazy_yiuf_cottage
D:8:      layout_gridville, uniq_grum, uniq_maurice
D:9:      minmay_curly_fans, layout_cave_pools, minitemple
D:10:     layout_loops_corners, enter_bailey_3, uniq_maggie
D:11:     layout_cave_pools, erik_lair_dragon, enter_trove_0,
          chequers_serial_rivers_room_a, uniq_sonja
D:12:     layout_cave_pools, kennysheep_orc_monster_closet_entryway
D:13:     layout_loops_ring, erik_vaults_1, eino_tiny_chamber, uniq_azrael
Temple:   nicolae_temple_bog_church
Lair:1:   layout_long_grid, pond
Lair:2:   layout_small_grid, grunt_megastairs_1, uniq_erica
Lair:3:   layout_gridlike, palyth_hydra_swamp_entry,
          hellmonk_spider_entry_not_the_bees
Lair:4:   layout_gridlike, gammafunk_ghost_grave
Lair:5:   wormcave, layout_loops_ring, hangedman_lair_tendril_chambers,
          slime_entry_1, lemuel_old_faithful
Orc:1:    nicolae_orc_accident_1, layout_caves, serial_shops,
          nicolae_shop_temple_entry_statues_fountains,
          portal_ice_cave_entry_imps
Orc:2:    kennysheep_orc_mage_school, layout_diamond_mine, basic_altar,
          uniq_erolcha, uniq_nessos

Skill      XL: |  1  2  3  4  5  6  7  8  9 10 11 12 13 14 15 |
---------------+----------------------------------------------+-----
Ranged Weapons | 5 6 7 8 10 11 12 14 15 17 18 | 18.0
Fighting       | 2 3 4 5 6 7 9 10 11 | 11.0
Throwing       | 1 2 3 4 5 |  5.2
Stealth        | 4 9 12 | 12.0
Dodging        | 4 5 8 9 |  9.4
Shapeshifting  | 2 4 6 7 |  7.0
Evocations     | 2 4 5 6 8 |  8.0
Armour         | 1 3 4 |  4.0
Hexes          | 3 4 |  4.2
Invocations    | 2 5 7 8 |  8.1
Alchemy        | 1 |  1.1

Action                     |  1- 3 |  4- 6 |  7- 9 | 10-12 | 13-15 || total
---------------------------+-------+-------+-------+-------+-------++-------
   Fire: Shortbow          |   121 |   123 |   583 |   251 |       ||  1078
         Orcbow            |       |       |       |   611 |  1225 ||  1836
         Hand cannon       |       |       |       |       |   212 ||   212
         Arbalest          |       |       |       |       |    10 ||    10
  Throw: Dart              |       |     4 |    16 |    53 |    23 ||    96
   Cast: Jinxbite          |       |       |       |       |     2 ||     2
  Evoke: Wand              |       |       |     2 |    21 |     3 ||    26
    Use: Potion            |       |     1 |       |       |     1 ||     2
         Scroll            |       |       |     6 |     8 |    16 ||    30
 Armour: Robe              |    17 |    15 |    81 |     3 |       ||   116
         Troll leather arm |       |       |       |    85 |   147 ||   232
  Dodge: Dodged            |    22 |    41 |   167 |   204 |   289 ||   723
  Block: Other             |       |       |       |    11 |    66 ||    77
         Reflection        |       |       |       |       |     1 ||     1
   Form: Beast             |       |       |     1 |     1 |       ||     2
                           |       |       |       |     1 |       ||     1

Table legend: (Time is in decaauts)
 A = Elapsed time spent in this place.
 B = Non-inter-level travel time spent in this place.
 C = Inter-level travel time spent in this place.
 D = Time resting spent in this place.
 E = Time spent auto-exploring this place.
 F = Levels seen in this place.
 G = Mean time per level.
                   A        B        C        D        E       F      G
               +--------+--------+--------+--------+--------+-----+--------+
         Total |  18283 |  17130 |   1153 |   2464 |   8835 |  23 |  794.9 |
       Dungeon |  10560 |   9885 |    675 |    995 |   5650 |  13 |  812.3 |
        Temple |     18 |     11 |      7 |      0 |      0 |   1 |   18.0 |
          Lair |   5870 |   5480 |    390 |   1126 |   2542 |   5 | 1174.0 |
  Orcish Mines |   1385 |   1305 |     80 |    201 |    635 |   2 |  692.5 |
        Bailey |    199 |    199 |      0 |     35 |      0 |   1 |  199.0 |
      Ice Cave |    250 |    250 |      0 |    104 |      7 |   1 |  250.0 |
               +--------+--------+--------+--------+--------+-----+--------+

Top non-repeatable levels by time:
  Lair:5: 1983 daAuts
     D:4: 1338 daAuts
     D:8: 1331 daAuts
  Lair:1: 1172 daAuts
  Lair:4: 1106 daAuts
     D:5: 1032 daAuts
  Lair:3: 909 daAuts
     D:7: 863 daAuts
   Orc:2: 843 daAuts
    D:11: 840 daAuts
     D:6: 826 daAuts
    D:10: 725 daAuts
  Lair:2: 698 daAuts
     D:3: 636 daAuts
     D:2: 632 daAuts
